[Event "Titled Tuesday Blitz December 20 Late 2022"]
[White "Rasulov, Vugar"]
[Black "Tari, Aryan"]
[WhiteFideId "13402390"]
[BlackFideId "1510045"]
[WhiteElo "2509"]
[BlackElo "2620"]
[Result "1/2-1/2"]
[Round "05"]
[TimeControl "180+1"]
[Date "2022.12.20"]
[WhiteClock "0:00:59"]
[BlackClock "0:00:09"]

1. e4 c6 2. d4 d5 3. exd5 cxd5 4. Nf3 Nc6 5. Ne5 a6 6. c3 Nxe5 7. dxe5 Bf5 8. Nd2 e6 9. Nf3 Ne7 10. Bd3 Bxd3 11. Qxd3 Nc6 12. O-O Be7 13. Bf4 O-O 14. Rfe1 b5 15. a4 b4 16. Nd4 Qb6 17. Nxc6 Qxc6 18. cxb4 Bxb4 19. Rec1 Qb7 20. h4 Be7 21. h5 Rfc8 22. b3 h6 23. Bd2 Rab8 24. b4 Rxc1+ 25. Rxc1 Bxb4 26. Bxb4 Qxb4 27. Qxa6 Qd2 28. Rf1 Rb2 29. a5 Ra2 30. Qc8+ Kh7 31. a6 Qd3 32. Qb7 Rxa6 33. Qxf7 Qe4 34. g3 Qxe5 35. Qg6+ Kh8 36. Qe8+ Kh7 37. Qg6+ Kh8 38. Qe8+ Kh7 39. Qg6+ 1/2-1/2


[Site "https://www.chess.com"]

[Event "Titled Tuesday Blitz December 20 Late 2022"]
[White "Rego, Pedro Filipe"]
[Black "Dudzinski, Pawel"]
[WhiteFideId "1904310"]
[BlackFideId "1117890"]
[WhiteElo "2193"]
[BlackElo "2099"]
[Result "1-0"]
[Round "05"]
[TimeControl "180+1"]
[Date "2022.12.21"]
[WhiteClock "0:00:22"]
[BlackClock "0:00:03"]

1. c4 e5 2. g3 c5 3. Bg2 Nc6 4. Nc3 g6 5. e4 Bg7 6. Nge2 Nge7 7. O-O Rb8 8. d3 a6 9. a4 O-O 10. Be3 d6 11. Rb1 f5 12. f3 Nd4 13. b4 Bd7 14. b5 axb5 15. axb5 Ra8 16. Ra1 Rxa1 17. Qxa1 f4 18. Bf2 g5 19. Nxd4 exd4 20. Nd5 Nxd5 21. exd5 Bf5 22. Qd1 Re8 23. g4 Bg6 24. Re1 Re3 25. Bxe3 dxe3 26. Qe2 Qa5 27. Rb1 Bd4 28. Bf1 Bxd3 29. Qxd3 e2+ 30. Kg2 e1=Q 31. Rxe1 Qxe1 32. Qe2 Qxe2+ 33. Bxe2 Kf7 34. b6 Bc3 35. Bd3 Ba5 36. Bxh7 Bxb6 37. Bf5 Ba5 38. Bc8 b6 39. Bd7 Kf6 40. Bb5 Ke5 41. h4 gxh4 42. Kh3 Be1 43. Bd7 Kd4 44. Bb5 Ke3 45. g5 1-0


[Site "https://www.chess.com"]

[Event "Titled Tuesday Blitz December 20 Late 2022"]
[White "Rengifo Blancas, Renzo Jhonathan"]
[Black "Crevatin, Leo"]
[WhiteFideId "3807185"]
[BlackFideId "1726307"]
[WhiteElo "2058"]
[BlackElo "2190"]
[Result "0-1"]
[Round "05"]
[TimeControl "180+1"]
[Date "2022.12.21"]
[WhiteClock "0:01:52"]
[BlackClock "0:02:18"]

1. d4 Nf6 2. Nc3 e6 3. Nf3 d5 4. Bf4 Bd6 5. e3 O-O 6. Bd3 b6 7. Ne5 c5 8. Nb5 Be7 9. c3 Bb7 10. Qf3 a6 11. Na3 Nc6 12. g4 Nxe5 13. Bxe5 Ne4 14. h4 f6 15. Bg3 e5 16. O-O Bd6 17. Rad1 Nxg3 18. fxg3 e4 19. Qe2 exd3 20. Qxd3 Bxg3 21. h5 Qc7 22. Rf3 Bd6 23. Nc2 Rae8 24. Rdf1 Bc8 0-1


[Site "https://www.chess.com"]

[Event "Titled Tuesday Blitz December 20 Late 2022"]
[White "Reprintsev, Alexander"]
[Black "Vetoshko, Volodymyr"]
[WhiteFideId "14100541"]
[BlackFideId "14122480"]
[WhiteElo "2230"]
[BlackElo "2422"]
[Result "0-1"]
[Round "05"]
[TimeControl "180+1"]
[Date "2022.12.21"]
[WhiteClock "0:00:10"]
[BlackClock "0:00:08"]

1. e4 c6 2. Nc3 d5 3. Nf3 dxe4 4. Nxe4 Nf6 5. Qe2 Nxe4 6. Qxe4 Qd5 7. Qf4 Qf5 8. d4 Qxf4 9. Bxf4 Bf5 10. O-O-O e6 11. Nh4 Bg4 12. f3 Bh5 13. g4 Bg6 14. Nxg6 hxg6 15. h4 Nd7 16. c4 Be7 17. Bg3 O-O-O 18. Kc2 Nf6 19. Kc3 Rd7 20. Be2 Rhd8 21. Bf2 Bd6 22. h5 gxh5 23. g5 Ng8 24. Rxh5 Ne7 25. Rh7 e5 26. d5 cxd5 27. cxd5 Bc7 28. Rxg7 Nxd5+ 29. Kb3 Bb6 30. Bxb6 Nxb6 31. Rxd7 Rxd7 32. Bb5 Rd5 33. a4 a6 34. Be8 Rd3+ 35. Kc2 Rxf3 36. Bxf7 e4 37. Bh5 Rf2+ 38. Kc3 e3 39. Re7 Nd5+ 40. Kd4 Nxe7 41. Kxe3 Rg2 42. Kf4 Kd8 43. b4 Rb2 44. b5 axb5 45. axb5 Rxb5 46. Bg4 Rb4+ 0-1


[Site "https://www.chess.com"]

[Event "Titled Tuesday Blitz December 20 Late 2022"]
[White "Rian, Kapriaga"]
[Black "Sivakumar, Shaaketh"]
[WhiteFideId "7103263"]
[BlackFideId "30940176"]
[WhiteElo "2338"]
[BlackElo "2174"]
[Result "1-0"]
[Round "05"]
[TimeControl "180+1"]
[Date "2022.12.21"]
[WhiteClock "0:00:07"]
[BlackClock "0:00:01"]

1. d4 e6 2. Nf3 Nf6 3. Bf4 b6 4. e3 Bb7 5. Bd3 c5 6. O-O d5 7. c3 Bd6 8. Ne5 Qc7 9. Nd2 Nbd7 10. Nxd7 Qxd7 11. Bxd6 Qxd6 12. f4 Ne4 13. Nxe4 dxe4 14. Bb5+ Bc6 15. Qa4 Bxb5 16. Qxb5+ Ke7 17. dxc5 Qxc5 18. Qxc5+ bxc5 19. Rfd1 Rhd8 20. Kf2 Rd3 21. Ke2 c4 22. Rd2 Rad8 23. Rad1 f6 24. b3 cxb3 25. axb3 Rb8 26. Ra1 Rxb3 27. Rxa7+ Kf8 28. Rxd3 exd3+ 29. Kxd3 Rb2 30. c4 Rxg2 31. c5 Ke8 32. c6 Kd8 33. Kd4 h5 34. h4 Rd2+ 35. Kc5 Rc2+ 36. Kd6 Rd2+ 37. Kxe6 Rg2 38. e4 Kc8 39. Kd6 Rd2+ 40. Ke6 Rg2 41. e5 fxe5 42. fxe5 g5 43. hxg5 Rxg5 44. Rh7 Rg6+ 45. Kd5 Rg5 46. Kd6 Rg6+ 47. e6 Rg8 48. Rxh5 Rd8+ 49. Kc5 Re8 50. Rh7 Rxe6 51. Kb6 Re8 52. Rc7+ Kb8 53. Rb7+ Ka8 54. Ra7+ Kb8 55. c7+ Kc8 56. Ra8+ Kd7 57. Rxe8 Kxe8 58. c8=Q+ Ke7 59. Qc7+ Kf6 60. Qc6+ Kg5 61. Kc5 Kf5 62. Qd6 Ke4 63. Qd5+ Kf4 64. Qe6 Kg3 65. Qf5 Kh4 66. Qg6 Kh3 67. Kd4 Kh4 68. Ke4 Kh3 69. Kf3 Kh4 70. Qg4# 1-0


[Site "https://www.chess.com"]

[Event "Titled Tuesday Blitz December 20 Late 2022"]
[White "Rodriguez Santiago, Jaime"]
[Black "Fiorito, Joaquin"]
[WhiteFideId "3100898"]
[BlackFideId "180173"]
[WhiteElo "2025"]
[BlackElo "2157"]
[Result "0-1"]
[Round "05"]
[TimeControl "180+1"]
[Date "2022.12.21"]
[WhiteClock "0:00:15"]
[BlackClock "0:00:52"]

1. c4 e6 2. Nf3 d5 3. g3 Nf6 4. Bg2 dxc4 5. a4 Nc6 6. O-O Bd6 7. Na3 Bxa3 8. Rxa3 O-O 9. Qc2 e5 10. Qxc4 Be6 11. Qc2 Bd5 12. d3 Bxf3 13. exf3 Nd4 14. Qc5 Re8 15. Bg5 c6 16. Re1 h6 17. Be3 Qd5 18. Qxd5 Nxd5 19. Bxd4 exd4 20. Re4 c5 21. f4 Nb4 22. Rb3 b6 23. Rxd4 Rad8 24. Rxd8 Rxd8 25. Bf1 Rd4 26. a5 b5 27. f3 Kf8 28. Kf2 Ke7 29. Be2 Kd6 30. h4 a6 31. Rc3 Nc6 32. Ke3 Rb4 33. b3 Nxa5 34. Bd1 Nc6 35. g4 a5 36. f5 Nd4 37. f4 Nc6 38. g5 hxg5 39. hxg5 Nd4 40. Bh5 Nxf5+ 41. Kd2 g6 42. Bg4 Nd4 43. Bc8 Nxb3+ 44. Ke3 Nd4 45. Rc1 a4 46. Rh1 a3 47. Rh7 a2 48. Rxf7 a1=Q 49. Rd7+ Kc6 50. Rg7 Qe1# 0-1


[Site "https://www.chess.com"]

[Event "Titled Tuesday Blitz December 20 Late 2022"]
[White "Roman, Rodrigo"]
[Black "Curtis, John"]
[WhiteFideId "3701220"]
[BlackFideId "3200256"]
[WhiteElo "1995"]
[BlackElo "2203"]
[Result "1-0"]
[Round "05"]
[TimeControl "180+1"]
[Date "2022.12.21"]
[WhiteClock "0:00:13"]
[BlackClock "0:00:37"]

1. e4 c5 2. Ke2 Nc6 3. Nf3 d6 4. d3 Bg4 5. c3 e6 6. h3 Bh5 7. Be3 d5 8. Nd2 Nf6 9. g4 Bg6 10. e5 Nd7 11. d4 f6 12. exf6 gxf6 13. Ke1 e5 14. dxe5 Ndxe5 15. Be2 d4 16. cxd4 cxd4 17. Bf4 d3 18. Bf1 Bb4 19. Nxe5 fxe5 20. Be3 Qd5 21. Rg1 Nd4 22. Bg2 Nc2+ 23. Qxc2 Qxg2 24. Qa4+ Qc6 25. Qxb4 a5 26. Qc5 Qxc5 27. Bxc5 Rc8 28. Be3 Rc2 29. b3 Kf7 30. Rg3 Rhc8 31. Nc4 Ke6 32. h4 b5 33. h5 Be4 34. Na3 Re2+ 35. Kd1 b4 36. Nc4 Rxc4 37. bxc4 Rc2 38. Bd2 Rxc4 39. f3 Bd5 40. g5 e4 41. g6 hxg6 42. hxg6 Rc8 43. g7 Rg8 44. fxe4 Bxe4 45. Rc1 Bd5 46. Rc5 Bxa2 47. Rxa5 Bb3+ 48. Ke1 Bd5 49. Bxb4 d2+ 50. Kxd2 Rd8 51. g8=Q+ Rxg8 52. Rxg8 Ke5 53. Re8+ Kd4 54. Rd8 Kc4 55. Raxd5 Kxb4 56. Rc8 Ka4 57. Rd7 Kb5 58. Rdd8 Ka6 59. Kd3 Kb7 60. Rc1 Kb6 61. Rh8 Kb7 62. Rh2 Kb6 63. Rb2+ Ka5 64. Kc4 Ka4 65. Rb8 Ka3 66. Ra1# 1-0


[Site "https://www.chess.com"]

[Event "Titled Tuesday Blitz December 20 Late 2022"]
[White "Ronka, Erik"]
[Black "Gerbelli Neto, Eduardo"]
[WhiteFideId "505080"]
[BlackFideId "2103281"]
[WhiteElo "2264"]
[BlackElo "2178"]
[Result "1-0"]
[Round "05"]
[TimeControl "180+1"]
[Date "2022.12.21"]
[WhiteClock "0:01:52"]
[BlackClock "0:01:38"]

1. d4 d5 2. g3 Nf6 3. Bg2 b5 4. Nf3 Bb7 5. O-O e6 6. a4 b4 7. c4 dxc4 8. Nbd2 c3 9. bxc3 bxc3 10. Nc4 a5 11. Qb3 Bb4 12. Ba3 Qe7 13. Nxa5 Bxa3 14. Qxb7 Rxa5 15. Qxb8+ Qd8 16. Qxd8+ Kxd8 17. Rxa3 Nd5 18. e4 1-0


[Site "https://www.chess.com"]

[Event "Titled Tuesday Blitz December 20 Late 2022"]
[White "Rorrer, Grayson"]
[Black "Silva, Miguel Antonio Neto"]
[WhiteFideId "30944996"]
[BlackFideId "1911929"]
[WhiteElo "2200"]
[BlackElo "2223"]
[Result "1-0"]
[Round "05"]
[TimeControl "180+1"]
[Date "2022.12.21"]
[WhiteClock "0:00:10"]
[BlackClock "0:00:15"]

1. e4 c5 2. Nf3 d6 3. d4 cxd4 4. Nxd4 Nf6 5. Nc3 a6 6. Nb3 e6 7. g4 Be7 8. g5 Nfd7 9. Bf4 Nc6 10. Rg1 Qc7 11. Qd2 Nce5 12. Be2 b5 13. Bg3 Nb6 14. Na5 Bd7 15. f4 Nec4 16. Nxc4 Nxc4 17. Qd4 O-O 18. Bxc4 Qxc4 19. Qxc4 bxc4 20. O-O-O Rfd8 21. h4 Rac8 22. f5 exf5 23. Nd5 Bf8 24. Nb6 fxe4 25. Nxc8 Bxc8 26. Rd4 d5 27. Rgd1 Be6 28. Rxe4 g6 29. Rxc4 Rd7 30. Rc6 a5 31. Be5 h6 32. Ra6 hxg5 33. hxg5 Bg7 34. Ra8+ Bf8 35. Rh1 f6 36. Bxf6 d4 37. Rh8+ Kf7 38. Raxf8# 1-0


[Site "https://www.chess.com"]

[Event "Titled Tuesday Blitz December 20 Late 2022"]
[White "Rustemov, Alexander"]
[Black "Paravyan, David"]
[WhiteFideId "4119002"]
[BlackFideId "4194985"]
[WhiteElo "2883"]
[BlackElo "2551"]
[Result "1/2-1/2"]
[Round "05"]
[TimeControl "180+1"]
[Date "2022.12.20"]
[WhiteClock "0:01:20"]
[BlackClock "0:01:03"]

1. d4 Nf6 2. c4 g6 3. Nf3 Bg7 4. g3 c6 5. b3 d5 6. Bb2 O-O 7. Bg2 Ne4 8. O-O a5 9. Nc3 Nxc3 10. Bxc3 Nd7 11. e3 b5 12. cxd5 cxd5 13. Ne5 Nxe5 14. dxe5 e6 15. Bd4 b4 16. f4 Ba6 17. Rf2 Qb8 18. Rc1 Rc8 19. Rfc2 Qb7 20. Bf1 Bxf1 21. Qxf1 Bf8 22. Kg2 Rxc2+ 23. Rxc2 Rc8 24. Qc1 Rxc2+ 25. Qxc2 Be7 26. Kf2 h5 27. h3 Kf8 28. Ke2 Ke8 29. Qd3 Kd7 30. g4 hxg4 31. hxg4 Qc6 32. Kd1 Bc5 33. Qc2 Bxd4 34. Qxc6+ Kxc6 35. exd4 Kd7 36. Ke2 Ke7 37. Kf3 Kf8 38. Kg3 Kg7 39. Kh4 Kh6 40. Kg3 Kg7 41. Kh4 Kh6 42. Kg3 Kg7 1/2-1/2


[Site "https://www.chess.com"]

[Event "Titled Tuesday Blitz December 20 Late 2022"]
[White "Sanchez Alvares, Kelvin Antonio"]
[Black "Melkumyan, Hrant"]
[WhiteFideId "3906680"]
[BlackFideId "13302485"]
[WhiteElo "2217"]
[BlackElo "2604"]
[Result "0-1"]
[Round "05"]
[TimeControl "180+1"]
[Date "2022.12.21"]
[WhiteClock "0:00:41"]
[BlackClock "0:00:47"]

1. e4 c6 2. d4 d5 3. e5 Bf5 4. Nc3 e6 5. g4 Bg6 6. Nge2 c5 7. h4 h5 8. Nf4 Bh7 9. Nxh5 Nc6 10. Bb5 cxd4 11. Qxd4 Ne7 12. Bg5 Qa5 13. Bxe7 Bxe7 14. Nxg7+ Kf8 15. Bxc6 bxc6 16. Nh5 Rb8 17. Qa4 Qxa4 18. Nxa4 Rb4 19. b3 Rxg4 20. Ke2 Re4+ 21. Kf1 Rxe5 22. Ng3 Bxc2 23. Rc1 Bd3+ 24. Kg2 Bb5 25. Nc3 Rxh4 26. Nxb5 cxb5 27. Rc8+ Kg7 28. Rc7 Rxh1 29. Nxh1 Bd6 30. Rxa7 b4 31. Ng3 Rg5 32. Kf3 Bxg3 33. fxg3 Rf5+ 34. Ke3 Rg5 35. Kf3 Re5 36. a4 bxa3 37. Rxa3 Re1 38. Ra7 Kf6 39. b4 Rb1 40. Rb7 Rb3+ 41. Kf4 e5+ 42. Kg4 e4 43. Kf4 Rf3+ 44. Kg4 Ke5 45. b5 f5+ 46. Kh4 Rb3 47. b6 f4 48. gxf4+ Kxf4 49. Rb8 d4 50. b7 Ke3 51. Kg3 d3 52. Kg2 d2 0-1


[Site "https://www.chess.com"]

[Event "Titled Tuesday Blitz December 20 Late 2022"]
[White "Sanchez, Robert"]
[Black "Biernacki, Mark"]
[WhiteFideId "2034360"]
[BlackFideId "2082322"]
[WhiteElo "2377"]
[BlackElo "1970"]
[Result "1-0"]
[Round "05"]
[TimeControl "180+1"]
[Date "2022.12.21"]
[WhiteClock "0:00:24"]
[BlackClock "0:00:09"]

1. e4 c5 2. Nf3 e6 3. d4 cxd4 4. Nxd4 Nf6 5. Nc3 Nc6 6. Ndb5 Bc5 7. Nd6+ Ke7 8. Nxc8+ Rxc8 9. Bd3 d5 10. exd5 Nxd5 11. Ne4 Bd4 12. c3 Be5 13. O-O Qc7 14. h3 Nf4 15. Bc2 Rcd8 16. Qf3 Ng6 17. Be3 b6 18. Bg5+ f6 19. Be3 Bf4 20. Rfe1 Nce5 21. Qe2 Bxe3 22. Qxe3 Nc4 23. Qe2 e5 24. Bb3 Rc8 25. Rad1 Nf4 26. Qg4 g6 27. Bxc4 Qxc4 28. Qd7+ Kf8 29. Nd6 Qc6 30. Qxc8+ Kg7 31. Qxc6 1-0


[Site "https://www.chess.com"]

[Event "Titled Tuesday Blitz December 20 Late 2022"]
[White "Saveliev, Alexei"]
[Black "Yuan, Qingyu"]
[WhiteFideId "24128546"]
[BlackFideId "8609772"]
[WhiteElo "2290"]
[BlackElo "2359"]
[Result "1-0"]
[Round "05"]
[TimeControl "180+1"]
[Date "2022.12.21"]
[WhiteClock "0:02:05"]
[BlackClock "0:00:04"]

1. c4 Nf6 2. Nc3 e6 3. e4 d5 4. e5 d4 5. exf6 dxc3 6. bxc3 Qxf6 7. d4 b6 8. Be2 Bb7 9. Bf3 Bxf3 10. Nxf3 Bd6 11. Qa4+ c6 12. O-O O-O 13. Bg5 Qf5 14. Rad1 Rc8 15. Rfe1 Nd7 16. Bh4 h6 17. Bg3 Bxg3 18. hxg3 b5 19. Qa6 bxc4 20. Qxc4 Qd5 21. Qa6 Rcb8 22. c4 Qd6 23. Ne5 Nxe5 24. Rxe5 Rb4 25. Rc5 Rb6 26. Qa4 a6 27. Ra5 Qc7 28. d5 cxd5 29. cxd5 Rd6 30. dxe6 Rxd1+ 31. Qxd1 Qxa5 32. exf7+ Kh8 33. Qd6 Qe1+ 34. Kh2 Qxf2 35. Qe7 Qf5 36. a4 Rc8 37. a5 Kh7 38. Qe8 Qg4 39. f8=Q Rxe8 40. Qxe8 Qg6 41. Qd8 Qh5+ 42. Kg1 Qc5+ 43. Kh2 Qb5 44. Qb6 Qh5+ 45. Kg1 Qd1+ 46. Kf2 Qd3 47. Kg1 Qe2 48. Qf2 Qb5 49. Qc2+ Kg8 50. Qd2 Kf7 51. Qf2+ Ke6 52. Qd4 Qe5 53. Qc4+ Kf5 54. Qxa6 Qa1+ 55. Qf1+ Qxf1+ 56. Kxf1 Ke5 57. a6 Ke6 58. a7 Kf5 59. a8=Q h5 60. Qf3+ Kg5 61. Qf4+ Kg6 62. Qe4+ Kh6 63. Kf2 Kg5 64. Qe5+ Kh6 65. Kf3 g6 66. Kf4 h4 67. Qh8# 1-0


[Site "https://www.chess.com"]

[Event "Titled Tuesday Blitz December 20 Late 2022"]
[White "Shimanov, Aleksandr"]
[Black "Bjelobrk, Igor"]
[WhiteFideId "4198603"]
[BlackFideId "4300726"]
[WhiteElo "2605"]
[BlackElo "2335"]
[Result "1-0"]
[Round "05"]
[TimeControl "180+1"]
[Date "2022.12.20"]
[WhiteClock "0:00:13"]
[BlackClock "0:00:11"]

1. e4 e5 2. Nf3 Nc6 3. Nc3 Nf6 4. h3 d5 5. exd5 Nxd5 6. Bb5 Nxc3 7. bxc3 Bd6 8. O-O O-O 9. d4 exd4 10. cxd4 Ne7 11. Re1 c6 12. Bd3 Nd5 13. c4 Nf4 14. Bf1 Qf6 15. Bb2 Bf5 16. Ne5 Rad8 17. Qf3 Ng6 18. Re3 Bxe5 19. dxe5 Qe6 20. g4 Bc2 21. Rc1 Ba4 22. Ba3 Rfe8 23. Bd6 f6 24. c5 Bb5 25. Bxb5 cxb5 26. exf6 Qxf6 27. Qd5+ Qf7 28. Qxf7+ Kxf7 29. Rb3 a6 30. a4 b6 31. Bc7 bxa4 32. Rf3+ Kg8 33. Bxd8 1-0


[Site "https://www.chess.com"]

[Event "Titled Tuesday Blitz December 20 Late 2022"]
[White "Shoker, Samy"]
[Black "Sarana, Alexey"]
[WhiteFideId "627143"]
[BlackFideId "24133795"]
[WhiteElo "2493"]
[BlackElo "2708"]
[Result "0-1"]
[Round "05"]
[TimeControl "180+1"]
[Date "2022.12.20"]
[WhiteClock "0:00:30"]
[BlackClock "0:00:12"]

1. Nf3 d5 2. g3 g6 3. Bg2 Bg7 4. c4 c6 5. Qa4 Nf6 6. cxd5 Nxd5 7. d4 O-O 8. O-O Nb6 9. Qc2 Bg4 10. Rd1 Na6 11. a3 Rc8 12. Nc3 Qd6 13. Bf4 Qe6 14. h3 Bxf3 15. exf3 Rfd8 16. Re1 Qd7 17. Be5 Nc7 18. Rad1 Ne6 19. h4 f6 20. Bh3 Re8 21. Bf4 f5 22. Be5 Nd5 23. Re2 Nd8 24. Rde1 Nf7 25. f4 e6 26. Bf1 h5 27. Na4 b6 28. b4 Bf8 29. Qb3 Nxe5 30. dxe5 c5 31. bxc5 bxc5 32. Rd2 Rb8 33. Qc2 Qf7 34. Nc3 Nb6 35. Red1 c4 36. a4 Bb4 37. Rd4 Rbc8 38. Nb5 a5 39. Nd6 Bxd6 40. exd6 Red8 41. Rb1 Rc6 42. Rb5 Qa7 43. Qc3 Rcxd6 44. Rxd6 Rxd6 45. Qf6 Qf7 46. Qe5 Qc7 47. Rxa5 Rc6 48. Qf6 Kh7 49. Re5 c3 50. Bd3 c2 51. Bxc2 Rxc2 52. Rxe6 Nd5 53. Qe5 Qxe5 54. Rxe5 Nb4 55. a5 Ra2 56. Rb5 Nc6 57. Rb7+ Kh6 58. Rb6 Nxa5 59. Ra6 Ra3 60. Kg2 Nc4 61. Rc6 Nd2 62. Rc2 Ne4 63. f3 Nf6 64. Rb2 Nd5 65. Rd2 Ne3+ 66. Kf2 Nc4 67. Rc2 Nd6 68. Rd2 Nb5 69. Rb2 Nd4 70. Rb8 Rxf3+ 71. Kg2 Rc3 72. Rd8 Rc2+ 73. Kf1 Nf3 74. Rh8+ Kg7 75. Rd8 Nh2+ 76. Kg1 Ng4 77. Kf1 Ne3+ 78. Ke1 Rg2 79. Rd7+ Kf6 80. Rd6+ Kf7 81. Rd7+ Ke6 82. Rd3 Ng4 83. Kf1 Rf2+ 84. Kg1 Re2 85. Ra3 Re3 86. Ra6+ Kf7 87. Kg2 Re2+ 88. Kg1 Re6 89. Ra7+ Kf6 90. Ra8 Rc6 91. Kg2 Ke6 92. Re8+ Kd5 93. Rg8 Kd4 94. Re8 Kd3 95. Kg1 Rc1+ 96. Kg2 Rc2+ 97. Kg1 Ne3 98. Re6 Ke2 99. Rxg6 Kf3 100. g4 Rc1+ 101. Kh2 Nf1+ 102. Kg1 Ng3+ 103. Kh2 Rh1# 0-1


[Site "https://www.chess.com"]

[Event "Titled Tuesday Blitz December 20 Late 2022"]
[White "Sielecki, Christof"]
[Black "Kalajzic, Ivan"]
[WhiteFideId "4620437"]
[BlackFideId "14506378"]
[WhiteElo "2443"]
[BlackElo "2163"]
[Result "1-0"]
[Round "05"]
[TimeControl "180+1"]
[Date "2022.12.21"]
[WhiteClock "0:00:37"]
[BlackClock "0:00:07"]

1. e4 Nc6 2. Nf3 d6 3. d4 Bg4 4. d5 Nb8 5. c4 e5 6. Be2 Nf6 7. Nc3 g6 8. Be3 Bg7 9. Nd2 Bxe2 10. Qxe2 O-O 11. g4 Nbd7 12. h4 h5 13. Bg5 Qc8 14. f3 c6 15. Rg1 cxd5 16. cxd5 Rb8 17. a4 Qc5 18. Be3 Qb4 19. Qb5 Qxb5 20. Nxb5 hxg4 21. fxg4 Nc5 22. Bxc5 dxc5 23. Nxa7 Nd7 24. Nb5 f5 25. gxf5 gxf5 26. Nc7 Kf7 27. exf5 Bh6 28. Ne4 Rg8 29. Ke2 Rxg1 30. Rxg1 Rh8 31. Ne6 Nf6 32. N4g5+ Ke7 33. d6+ Kxd6 34. Nf7+ Kd5 35. Nxh8 Ne4 36. Nf7 c4 37. Rd1+ 1-0


[Site "https://www.chess.com"]

[Event "Titled Tuesday Blitz December 20 Late 2022"]
[White "Skibbe, Willi"]
[Black "Piliczewski, Bogusz"]
[WhiteFideId "4682190"]
[BlackFideId "1104144"]
[WhiteElo "2351"]
[BlackElo "1896"]
[Result "1/2-1/2"]
[Round "05"]
[TimeControl "180+1"]
[Date "2022.12.21"]
[WhiteClock "0:01:06"]
[BlackClock "0:00:19"]

1. d4 c6 2. Nf3 d5 3. e3 Nf6 4. c4 Bf5 5. cxd5 cxd5 6. Qb3 Qb6 7. Qxb6 axb6 8. Nc3 Nc6 9. Bb5 e6 10. Ne5 Rc8 11. Na4 Bb4+ 12. Bd2 Bxd2+ 13. Kxd2 Ne4+ 14. Ke2 O-O 15. Nxb6 Nxe5 16. Nxc8 Rxc8 17. Rhc1 Rxc1 18. Rxc1 Ng6 19. f3 Nd6 20. Rc5 b6 21. Rc6 Nxb5 22. g4 Bb1 23. Rxb6 Bxa2 24. Kd2 Nc7 25. Rb8+ Nf8 26. Rc8 Na6 27. Ra8 Bc4 28. b3 Bf1 29. Ke1 Bb5 30. Ra7 Nd7 31. Ra8+ Nf8 32. Ra7 g6 33. Rb7 Bd3 34. Kd2 Bf1 35. g5 Kg7 36. f4 Kg8 37. h4 h6 38. Ke1 Bd3 39. Kd2 Bf1 40. b4 hxg5 41. hxg5 Kg7 42. b5 Nb4 43. b6 Ba6 44. Ra7 Bc8 45. Ra8 Bb7 46. Ra7 Bc8 47. b7 Bxb7 48. Rxb7 Nc6 49. Rc7 Na5 50. Kd3 Nc4 51. e4 Kg8 52. exd5 exd5 53. Rc5 Ne6 54. Rxd5 Nb2+ 55. Ke4 Na4 56. Ra5 Nc3+ 57. Ke5 Kf8 58. d5 Nd8 59. Kf6 Ke8 60. d6 Ne4+ 61. Ke5 Nc6+ 62. Kxe4 Nxa5 63. Ke5 Nc6+ 64. Kf6 Nd8 65. f5 Kd7 66. fxg6 fxg6 67. Kxg6 Kxd6 68. Kf6 Ne6 69. g6 Kd7 70. Kf7 Kd6 71. g7 Nxg7 1/2-1/2


[Site "https://www.chess.com"]

[Event "Titled Tuesday Blitz December 20 Late 2022"]
[White "Skvortsov, Andrei"]
[Black "Tang, Andrew"]
[WhiteFideId "24108600"]
[BlackFideId "2059630"]
[WhiteElo "2285"]
[BlackElo "2582"]
[Result "0-1"]
[Round "05"]
[TimeControl "180+1"]
[Date "2022.12.20"]
[WhiteClock "0:00:07"]
[BlackClock "0:00:07"]

1. e4 e5 2. d4 exd4 3. Qxd4 Nc6 4. Qd3 Nf6 5. Nc3 Bb4 6. Bd2 O-O 7. O-O-O Re8 8. Nge2 d6 9. Bg5 h6 10. Bxf6 Qxf6 11. Nd5 Qd8 12. Nxb4 Nxb4 13. Qd2 a5 14. Nc3 Be6 15. a3 Na6 16. f4 Nc5 17. Rg1 Bd7 18. Re1 b5 19. Bxb5 Bxb5 20. Nxb5 Nxe4 21. Qd4 d5 22. Nc3 Nxc3 23. Rxe8+ Qxe8 24. Qxc3 Qe4 25. g3 d4 26. Re1 Qg2 27. Qd2 Qd5 28. Kb1 Rd8 29. Re5 Qh1+ 30. Ka2 a4 31. Re1 Qd5+ 32. Kb1 c5 33. Qa5 Ra8 34. Qb6 c4 35. Rd1 d3 36. cxd3 cxd3 37. Qb4 Qg2 38. Rxd3 Qf1+ 39. Kc2 Rc8+ 40. Rc3 Rd8 41. Rc5 Qd1+ 42. Kc3 Qd3# 0-1


[Site "https://www.chess.com"]

[Event "Titled Tuesday Blitz December 20 Late 2022"]
[White "Smith, Garrett L"]
[Black "Floresvillar Gonzalez, Luis Migu"]
[WhiteFideId "2024829"]
[BlackFideId "5100542"]
[WhiteElo "2214"]
[BlackElo "2040"]
[Result "1-0"]
[Round "05"]
[TimeControl "180+1"]
[Date "2022.12.21"]
[WhiteClock "0:00:15"]
[BlackClock "0:00:02"]

1. e4 c6 2. d4 d5 3. e5 Bf5 4. h4 h5 5. Bg5 c5 6. dxc5 Nc6 7. Nc3 d4 8. Nb5 a6 9. Na3 Nxe5 10. Nf3 Qa5+ 11. Qd2 Nxf3+ 12. gxf3 Qxc5 13. Bd3 O-O-O 14. O-O-O f6 15. Bf4 Bxd3 16. Qxd3 e5 17. Bg3 Bd6 18. Nc4 Bc7 19. Rhg1 Ne7 20. Kb1 b5 21. Nd2 f5 22. Rde1 Rhe8 23. Nb3 Qd5 24. Qd2 f4 25. Bh2 g6 26. Qd3 Qc4 27. Nd2 Qxd3 28. cxd3 Kb7 29. Ne4 Rg8 30. Nf6 Rgf8 31. Nh7 Rf7 32. Ng5 Rf5 33. Ne6 Rd6 34. Nxf4 exf4 35. Rxe7 Rff6 36. Rc1 Rc6 37. Rce1 Kb6 38. R1e4 Rcd6 39. a3 1-0


[Site "https://www.chess.com"]

[Event "Titled Tuesday Blitz December 20 Late 2022"]
[White "Souleidis, Georgios"]
[Black "Arnold, Ken"]
[WhiteFideId "4206827"]
[BlackFideId "2056836"]
[WhiteElo "2401"]
[BlackElo "2360"]
[Result "1-0"]
[Round "05"]
[TimeControl "180+1"]
[Date "2022.12.21"]
[WhiteClock "0:00:17"]
[BlackClock "0:00:14"]

1. e4 c5 2. Be2 Nc6 3. d3 e6 4. f4 d5 5. Nf3 dxe4 6. dxe4 Qxd1+ 7. Bxd1 Nf6 8. e5 Nd5 9. c4 Ndb4 10. Nc3 Nd3+ 11. Ke2 Nxc1+ 12. Rxc1 a6 13. Ba4 Bd7 14. Rhd1 O-O-O 15. Ng5 Nd4+ 16. Kf2 Bxa4 17. Nxa4 Be7 18. Nxf7 Rhf8 19. Nxd8 Kxd8 20. g3 g5 21. Ke3 gxf4+ 22. gxf4 Kc7 23. Nc3 Bh4 24. Rg1 Kc6 25. Rg4 b5 26. cxb5+ axb5 27. Ne4 Nf5+ 28. Ke2 Be7 29. Rcg1 Ra8 30. a3 b4 31. Rg8 Ra4 32. axb4 Rxb4 33. Nc3 Rxb2+ 34. Kd3 Rxh2 35. Rc8+ Kd7 36. Ra8 Rh3+ 37. Kc4 Ne3+ 38. Kb5 Nd5 39. Ra7+ Nc7+ 40. Kc4 Kc6 41. Rg7 Bd8 42. Rg8 Bh4 43. Rc8 Bd8 44. Rxd8 Rxc3+ 45. Kxc3 Nb5+ 46. Kc4 Nxa7 47. Rd6+ Kc7 48. Rxe6 Nc6 49. Kxc5 1-0


[Site "https://www.chess.com"]

[Event "Titled Tuesday Blitz December 20 Late 2022"]
[White "Stead, Kerry"]
[Black "Miszler, Levente"]
[WhiteFideId "3202577"]
[BlackFideId "763276"]
[WhiteElo "1997"]
[BlackElo "2176"]
[Result "0-1"]
[Round "05"]
[TimeControl "180+1"]
[Date "2022.12.21"]
[WhiteClock "0:00:04"]
[BlackClock "0:00:15"]

1. d4 d5 2. e4 dxe4 3. Nc3 Nf6 4. f3 e3 5. Bxe3 e6 6. Bd3 Bd6 7. Nge2 Nbd7 8. Qd2 a6 9. O-O-O e5 10. Bc4 O-O 11. g4 b5 12. Bb3 b4 13. Ne4 Nxe4 14. fxe4 a5 15. Ng3 a4 16. Bc4 Nb6 17. Qd3 Nxc4 18. Qxc4 Ba6 19. Qd5 b3 20. a3 bxc2 21. Kxc2 exd4 22. Bxd4 Rb8 23. e5 Bb7 24. Qc4 Bxh1 25. exd6 Bf3 26. Rd3 Bxg4 27. dxc7 Qc8 28. Rc3 Rb7 29. Be5 Be6 30. Qf4 Qd7 31. Bxg7 Bb3+ 32. Kb1 Qd1+ 33. Rc1 Qd3+ 34. Ka1 Kxg7 35. Nh5+ Kg8 36. Rg1+ Qg6 37. Rxg6+ hxg6 38. Nf6+ Kg7 39. Qe5 Rxc7 40. Ne8+ Kh6 41. Qg7+ Kh5 42. Nxc7 Rc8 43. Qe5+ Kh6 44. h4 Rd8 45. Qg5+ Kh7 46. Qxd8 Kg7 47. Ne8+ Kh7 48. Qf6 Kh6 49. Qg7+ Kh5 50. Qh7+ Kg4 51. Qxf7 Bxf7 52. Nd6 Bb3 53. Kb1 Kxh4 54. Kc1 g5 55. Kd2 g4 56. Ke2 Kh3 57. Kf1 Kh2 58. Ne4 g3 59. Nxg3 Kxg3 60. Ke2 Kf4 61. Kd2 Ke4 62. Kc1 Kd3 63. Kb1 Kd2 64. Ka1 Bc2 65. Ka2 Kc1 66. Ka1 Bd3 67. Ka2 Be4 68. Ka1 Bb1 0-1


[Site "https://www.chess.com"]